 Dungeon Crawl Stone Soup version 0.24.0-28-g17ded55e90 (webtiles) character file.

Game seed: 17894371662632718124, levelgen mode: deterministic

947 tony01 the Changer (level 8, -3/48 HPs)
             Began as an Octopode Transmuter on Nov 12, 2019.
             Was a Believer of Elyvilon.
             Slain by an ice beast (6 damage)
             ... on level 6 of the Dungeon on Nov 13, 2019.
             The game lasted 00:44:56 (6840 turns).

tony01 the Changer (Octopode Transmuter)            Turns: 6840, Time: 00:44:57

Health: -3/48      AC:  1    Str: 10    XL:     8   Next: 13%
Magic:  13/14      EV: 13    Int: 16    God:    Elyvilon [**....]
Gold:   218        SH:  0    Dex: 13    Spells: 12/15 levels left

rFire    . . .     SeeInvis .     - Unarmed
rCold    . . .     Gourm    +   (no shield)
rNeg     . . .     Faith    .   (helmet restricted)
rPois    .         Spirit   .   d - amulet of the gourmand
rElec    .         Reflect  .   j - ring of protection from magic
rCorr    .         Harm     .   (no ring)
MR       +....                  (no ring)
Stlth    ++........             (no ring)
HPRegen  0.16/turn              (no ring)
MPRegen  0.14/turn              (no ring)
                                (no ring)
                                (no ring)

@: appendage, flying
A: almost no armour, stealthy swim, amphibious, 8 rings, constrict 8, tentacle
spike 3, camouflage 1, gelatinous body 1
a: End Transformation, Lesser Healing, Heal Other, Divine Protection, Renounce
Religion


You were on level 6 of the Dungeon.
You worshipped Elyvilon.
Elyvilon was pleased with you.
You were not hungry.
One of your tentacles had a temporary spike.
You visited 2 branches of the dungeon, and saw 7 of its levels.
You also visited: Sewer.

You collected 218 gold pieces.

Inventory:

Missiles
 a - 71 arrows
 o - 2 poisoned darts (quivered)
Jewellery
 d - an amulet of the gourmand (around mantle)
 j - a ring of protection from magic (left tentacle)
Scrolls
 b - a scroll of amnesia {unknown}
 e - a scroll of fear
 f - a scroll of enchant weapon {unknown}
 l - a scroll of enchant armour {unknown}
 m - 3 scrolls of remove curse {unknown}
 n - a scroll of fog {unknown}
Potions
 g - 2 potions of lignification
 k - 2 potions of berserk rage {unknown}
 p - a potion of flight
Comestibles
 c - 6 rations


   Skills:
 - Level 1.0 Fighting
 - Level 2.0 Dodging
 - Level 5.0 Unarmed Combat
 - Level 4.0 Spellcasting
 + Level 7.4 Transmutations


You had 12 spell levels left.
You knew the following spells:

 Your Spells              Type           Power        Failure   Level  Hunger
a - Beastly Appendage     Tmut           ####..       1%          1    None
b - Sticks to Snakes      Tmut           ####....     1%          2    ##.....

Your spell library contained the following spells:

 Spells                   Type           Power        Failure   Level  Hunger
 Spider Form              Tmut/Pois      ###.......   11%         3    ###....
 Blade Hands              Tmut           ####......   22%         5    ######.
 Ice Form                 Ice/Tmut       ###.....     36%         4    ####...


Dungeon Overview and Level Annotations

Branches:
Dungeon (6/15)             Temple (1/1) D:4           Sewer (visited)

Altars:
Ashenzari
Cheibriados
Dithmenos
Elyvilon
Fedhas
Hepliaklqana
Kikubaaqudgha
Makhleb
Okawaru
Trog
Uskayaw
Vehumet
Wu Jian
Xom
Yredelemnul
Zin

Shops:
D:4 [

Annotations:
D:2 Sigmund


Innate Abilities, Weirdness & Mutations

You cannot wear most types of armour.
You are very stealthy in the water. (Stealth+)
You are amphibious.
You can wear up to eight rings at the same time.
You can use your tentacles to constrict eight enemies at once.
Your skin changes colour to match your surroundings (Stealth+).
Your rubbery body absorbs attacks. (AC +1, EV +1)
One of your tentacles bears a large vicious spike.


Message History

The ice beast is severely wounded.
Your ball python bites the ice beast but does no damage.
The ice beast hits you.
* * * LOW HITPOINT WARNING * * *
The ice beast freezes you!
* * * LOW HITPOINT WARNING * * *
Okay, then.
Your ball python barely misses the ice beast.
Your ball python barely misses the ice beast.
Your ball python closely misses the ice beast.
Things that are here:
a +0 giant club; 4 chunks of flesh; an ogre skeleton
There is a stone staircase leading up, spattered with blood here.
It was a potion of flight.
You feel very buoyant.
You fly up into the air.
Your ball python bites the ice beast.
The ice beast hits you.
* * * LOW HITPOINT WARNING * * *
The ice beast freezes you.
You die...

#.#.#.######.####
#######.#....## #.#
#...........#.# #.#
#.#####.#..#.## #.# #
#.#####.#.#.## #.# ##
#.#....S..### #.# #.
####.#.###.### #.# ##
..........S##########.#
#
###.#.#.....Y@.........#
...#.#)#######.#####..#
#####.#.#.##### #.# #..#
##.......o.....# #.#
#.S#######
...........###.# #.#
#....SS... ......o#####
#.# #.# #.#######.
#####.o# #.###.#
#......... #o.# #.....#
#########. #..# ####..#
##


You could see an ice beast and a friendly ball python.

Vanquished Creatures
  Eustachio (Temple)
  An ice beast (D:6)
  2 ogres
  A centaur (D:6)
  A big kobold (Sewer)
  A bullfrog (D:6)
  2 crimson imps (D:6)
  2 orc priests
  2 orc wizards (D:3)
  Terence (D:2)
  A hound zombie (D:6)
  5 adders
  2 river rats (Sewer)
  An ooze (D:2)
  A dart slug (D:1)
  2 leopard geckos
  8 orcs
  8 bats
  6 giant cockroaches
  3 goblins
  5 hobgoblins
  13 jackals
  2 quokkas
  3 frilled lizards
  7 kobolds
  5 rats
86 creatures vanquished.

Notes
Turn   | Place    | Note
-------+----------+-------------------------------------------
     0 | D:1      | tony01 the Octopode Transmuter began the quest for the Orb.
     0 | D:1      | Reached XP level 1. HP: 13/13 MP: 3/3
   126 | D:1      | Reached XP level 2. HP: 16/18 MP: 5/5
   367 | D:1      | Reached skill level 3 in Transmutations
  1045 | D:2      | Noticed Terence
  1056 | D:2      | Killed Terence
  1056 | D:2      | Reached XP level 3. HP: 18/23 MP: 6/6
  1177 | D:2      | Noticed Sigmund
  1229 | D:2      | Reached skill level 4 in Transmutations
  1628 | D:2      | Reached XP level 4. HP: 28/28 MP: 7/7
  2645 | D:3      | Reached skill level 5 in Transmutations
  2645 | D:3      | Reached XP level 5. HP: 21/33 MP: 8/8
  3529 | D:4      | Found an iron altar of Okawaru.
  3575 | D:4      | Found a staircase to the Ecumenical Temple.
  3578 | D:4      | Noticed Eustachio
  3586 | Temple   | Entered the Ecumenical Temple
  3642 | Temple   | Became a worshipper of Elyvilon the Healer
  3744 | Temple   | Killed Eustachio
  3744 | Temple   | Reached skill level 6 in Transmutations
  3744 | Temple   | Reached XP level 6. HP: 18/38 MP: 8/10
  4223 | D:4      | Found Unuxt's Antique Armour Emporium.
  4294 | D:5      | Entered Level 5 of the Dungeon
  4381 | D:5      | Found a glowing drain.
  4393 | Sewer    | Entered a sewer
  4517 | Sewer    | Reached * piety under Elyvilon
  4535 | Sewer    | Reached XP level 7. HP: 41/43 MP: 9/12
  4595 | Sewer    | Found a white marble altar of Elyvilon.
  4815 | D:5      | HP: 1/43 [ogre/+0 giant club (9)]
  5160 | D:6      | Found a shadowy altar of Dithmenos.
  5645 | D:6      | Reached ** piety under Elyvilon
  5649 | D:6      | HP: 1/43 [crimson imp (4)]
  5993 | D:6      | Reached skill level 5 in Unarmed Combat
  6288 | D:5      | Learned a level 2 spell: Sticks to Snakes
  6552 | D:6      | Reached skill level 7 in Transmutations
  6552 | D:6      | Reached XP level 8. HP: 24/48 MP: 9/14
  6829 | D:6      | HP: 2/48 [ice beast (9)]
  6840 | D:6      | Slain by an ice beast

Levels and vault maps discovered:
D:1:      kennysheep_arrival_seaside, layout_rooms
D:2:      layout_basic, uniq_sigmund, uniq_terence
D:3:      layout_basic
D:4:      layout_rooms, okawaru_trees_1, minmay_temple_entry_slanted,
          serial_shops, shop, first_ration, kennysheep_generic_room_15,
          uniq_eustachio
D:5:      layout_gridville, cheibrodos_sewer_entry_drain
D:6:      layout_loops_ring, st_stairs_13, nicolae_dithmenos_shadow_blocks
Temple:   regret_index_temple_waves

Skill      XL: |  1  2  3  4  5  6  7 |
---------------+----------------------+-----
Transmutations | 3 4 5 6 7 |  7.4
Spellcasting   | 3 4 |  4.0
Unarmed Combat | 5 |  5.0
Fighting       | |  1.0
Dodging        | |  2.0

Action                   |  1- 3 |  4- 6 |  7- 9 || total
-------------------------+-------+-------+-------++-------
Melee: Unarmed           |    68 |   138 |   106 ||   312
       Constrict         |    17 |    28 |    16 ||    61
       Tentacles         |    11 |    27 |    16 ||    54
       Punch             |     1 |     2 |     2 ||     5
       Kick              |       |    12 |    20 ||    32
 Cast: Beastly Appendage |       |     8 |     9 ||    17
       Sticks to Snakes  |       |       |     8 ||     8
  Use: Potion            |       |     3 |     8 ||    11
       Scroll            |       |     2 |     3 ||     5
 Stab: Sleeping          |     8 |     5 |     5 ||    18
       Distracted        |       |       |     1 ||     1
  Eat: Chunk             |     2 |     8 |     2 ||    12
       Ration            |       |     1 |     1 ||     2
Armor: Skin              |     6 |    11 |     5 ||    22
Dodge: Dodged            |    39 |   112 |    70 ||   221
